 Dungeon Crawl Stone Soup version 0.31-a0-1522-g43313d8a59 (webtiles) character file.

Game seed: 6378901512652863698

2 hikkokomori the Conjurer (level 1, -1/10 HPs)
             Began as a Deep Elf Conjurer on Dec 30, 2023.
             Slain by an endoplasm (3 damage)
             ... on level 1 of the Dungeon.
             The game lasted 00:00:13 (25 turns).

hikkokomori the Conjurer (Deep Elf Conjurer)          Turns: 25, Time: 00:00:14

Health: -1/10      AC:  2    Str:  4    XL:     1   Next: 25%
Magic:  1/6        EV: 12    Int: 22    God:
Gold:   0          SH:  0    Dex: 13    Spells: 5/6 levels left

rFire   . . .        (no weapon)
rCold   . . .        (no shield)
rNeg    . . .        a - +0 robe
rPois   .            (no helmet)
rElec   .            (no cloak)
rCorr   .            (no gloves)
SInv    .            (no boots)
Will    .....        (no amulet)
Stlth   ++           (no ring)
HPRegen 0.21/turn    (no ring)
MPRegen 0.10/turn

%: no passive effects
@: no status effects
A: no striking features
a: no special abilities


You were on level 1 of the Dungeon.
You visited 1 branch of the dungeon, and saw 1 of its levels.

Inventory:

Armour
 a - a +0 robe (worn)
Potions
 b - a potion of magic


   Skills:
 + Level 2.5 Dodging
 + Level 2.5 Stealth
 + Level 3.0 Spellcasting
 + Level 4.4 Conjurations


You had 5 spell levels left.
You knew the following spells:

 Your Spells              Type           Power      Damage    Failure   Level
a - Magic Dart            Conj           88%        1d7       1%          1

Your spell library contained the following spells:

 Spells                   Type           Power      Damage    Failure   Level
 Searing Ray              Conj           44%        2d6       3%          2
 Fulminant Prism          Conj/Alch      6%         3d7       45%         4
 Iskenderun's Mystic Bla  Conj/Tloc      13%        2d5       45%         4


Dungeon Overview and Level Annotations

Branches:
Dungeon (1/15)

Altars:


Message History

You are very lightly contaminated with residual magic.
Nothing appears to happen.
An endoplasm comes into view.
The goblin barely misses you.
The magic dart hits the goblin.
The goblin is heavily wounded.
The goblin closely misses you.
The magic dart hits the goblin.
The goblin is severely wounded.
The goblin completely misses you.
The magic dart hits the goblin.
You kill the goblin!
You are out of magic!
Found a book of Touch.
The endoplasm freezes you.
You are frozen.
There is an open door, spattered with blood here.
Things that are here:
a +0 dagger; a goblin corpse; a ball python corpse You are too injured to fight recklessly!
You are too injured to fight recklessly!
You are too injured to fight recklessly!
You are too injured to fight recklessly!
You are too injured to fight recklessly!
You are too injured to fight recklessly!
You are too injured to fight recklessly!
You are too injured to fight recklessly!
You hit the endoplasm.
The endoplasm is moderately wounded.
The endoplasm misses you.
You hit the endoplasm but do no damage.
You punch the endoplasm, but do no damage.
The endoplasm is moderately wounded.
The endoplasm freezes you.
You are frozen.
* * * LOW HITPOINT WARNING * * *
Your magical contamination has completely faded away.
The endoplasm attacks as it pursues you!
The endoplasm hits you.
You die...

# #. #.#
#.#..#######
#...:......#
###+###J###+###
#.....@.......#
#.8.⌠⌠⌠(⌠⌠⌠.8.#
#.............#
#~~~~~~~~~~~~≈#
#≈≈~~~≈~≈≈~~≈≈#
#≈≈~~~≈~≈~~~≈≈#
#≈≈~~≈≈~~≈~~≈≈#
#≈≈≈~~≈~≈~~≈≈≈#
#≈≈≈~~~~≈~~≈≈≈#


You could see an endoplasm.

Vanquished Creatures
  A goblin (D:1)
  A ball python (D:1)
2 creatures vanquished.

Notes
Turn   | Place    | Note
-------+----------+-------------------------------------------
     0 | D:1      | hikkokomori the Deep Elf Conjurer began the quest for the
                  | Orb.
     0 | D:1      | Reached XP level 1. HP: 10/10 MP: 6/6
    25 | D:1      | Slain by an endoplasm

Illustrated notes

Levels and vault maps discovered:
D:1:      zaba_arrival_water, layout_loops_ring

Action                     || total
---------------------------++-------
  Melee: Unarmed           ||     2
         Punch             ||     1
   Cast: Magic Dart        ||     5
 Armour: Robe              ||     2
  Dodge: Dodged            ||     4

Table legend: (Time is in decaauts)
 A = Elapsed time spent in this place.
 B = Non-inter-level travel time spent in this place.
 C = Inter-level travel time spent in this place.
 D = Time resting spent in this place.
 E = Time spent auto-exploring this place.
 F = Levels seen in this place.
 G = Mean time per level.
                   A        B        C        D        E       F      G
               +--------+--------+--------+--------+--------+-----+--------+
         Total |     31 |     31 |      0 |      0 |     20 |   1 |   31.0 |
       Dungeon |     31 |     31 |      0 |      0 |     20 |   1 |   31.0 |
               +--------+--------+--------+--------+--------+-----+--------+

Top non-repeatable levels by time:
     D:1: 31 daAuts
